 Dungeon Sprint DCSS version 0.19.1 (console) character file.

3600000 Morrissey the Axe Maniac (level 21, -2/133 HPs)
             Began as a Spriggan Warper on Dec 27, 2016.
             Was a High Priest of Makhleb.
             Slain by a destroyer
             ... wielding a +9 great sword of slicing
              (5 damage)
             ... in the Dungeon (Sprint VIII: "Arena of Blood").
             The game lasted 00:01:40 (36 turns).

Morrissey the Axe Maniac (Spriggan Warper)            Turns: 36, Time: 00:01:41

Health: -2/133     AC:  3    Str:  7    XL:     21   Next: 25%
Magic:  18/53      EV: 42    Int: 17    God:    Makhleb [*****.]
Gold:   0          SH:  0    Dex: 23    Spells: 1 memorised, 72 levels left

rFire  . . .     SeeInvis +     k - +∞ Axe of Woe
rCold  . . .     Gourm    .     a - +0 robe
rNeg   . . .     Faith    .     (shield currently unavailable)
rPois  .         Spirit   .     (helmet restricted)
rElec  .         Reflect  .     (no cloak)
rCorr  .         Harm     .     (gloves unavailable)
MR     +++..     NoTele   +     (boots unavailable)
Stlth  +++++++++.               (no amulet)
                                (no ring)
                                (no ring)

@: very quick
A: unfitting armour, see invisible, herbivore 3, speed 3, slow metabolism 2
a: Minor Destruction, Lesser Servant of Makhleb, Major Destruction, Greater
Servant of Makhleb, Renounce Religion


You were in the Dungeon.
You worshipped Makhleb.
Makhleb was extremely pleased with you.
You were not hungry.

You visited 1 branch

Inventory:

Hand Weapons
 k - the +∞ Axe of Woe (weapon)
   (You found it in the Dungeon)
Missiles
 d - 5 tomahawks of dispersal (quivered)
Armour
 a - a +0 robe (worn)
Scrolls
 c - 2 scrolls of blinking
Potions
 e - a potion of curing
 g - a potion of heal wounds
 h - a potion of haste
 i - 2 potions of magic
 j - a potion of berserk rage
Books
 b - a book of Spatial Translocations

   Spells                             Type                      Level
   a - Blink                          Translocation                2
   b - Shroud of Golubria             Charms/Translocation         2
   c - Lesser Beckoning               Translocation                3
   d - Portal Projectile              Translocation                3
   e - Teleport Other                 Translocation                3
   f - Passage of Golubria            Translocation                4
Comestibles
 f - a bread ration


   Skills:
 + Level 22.4 Fighting
 O Level 27 Axes
 + Level 25.6 Throwing
 + Level 20.8 Armour
 O Level 27 Dodging
 O Level 27 Stealth
 + Level 22.3 Unarmed Combat
 O Level 27 Spellcasting
 O Level 27 Translocations
 + Level 25.6 Invocations


You had 72 spell levels left.
You knew the following spells:

 Your Spells              Type           Power        Failure   Level  Hunger
a - Blink                 Tloc           N/A          0%          2    None


Dungeon Overview and Level Annotations

Branches:
Dungeon (1/1)

Altars:
Makhleb


Innate Abilities, Weirdness & Mutations

You are very small and have problems with some larger weapons.
You are too small for most types of armour.
You have supernaturally acute eyesight. (SInv)
You are a herbivore.
You cover ground extremely quickly.
You need consume almost no food.


Message History

You slash the bag of meat!
You pulverise the bag of meat into a thin bloody mist.
You kill the bag of meat!
Makhleb accepts your kill.
Your Fighting skill increases to level 22!
Your Unarmed Combat skill increases to level 22!
You hear a shout! x3
The bag of meat moves out of view. 2 vampire knights come into view.
A destroyer is wielding a +9 great sword of slicing.
A destroyer is wielding a +9 great sword of slicing.
Casting: Blink
Confirm with . or Enter, or press ? or * to list all spells.
You blink.
* * * LOW MAGIC WARNING * * *
You hear a shout! x2
The destroyer hits you with a +9 great sword of slicing!!!!
Ouch! That really hurt!
* * * LOW HITPOINT WARNING * * *
x2 The destroyer bites you.
You die...

.. #.......# ...o...
...###......V###)......
........###..o)§o......
#.o.o.).._.ooCo).C.....
......#))..o#o.o....#.#
..... #_.<._#..........
.... #)....#......#.#.
#........_.....o..o....
....o...###..@.O....#.#
...###......V###.o..§ .
#.......# ... #.......#
. ......... .........
....... .......


You could see 2 destroyers, 2 large bags of meat, a meat berserker (berserk) and
9 bags of meat.

Vanquished Creatures
  2 vampire knights (D)
  9 ogres (D)
  9 orcs (D)
20 creatures vanquished.

Notes
Turn   | Place    | Note
-------+----------+-------------------------------------------
     0 | D        | Morrissey the Spriggan Warper began the quest for the Orb.
     0 | D        | Reached XP level 1. HP: 10/10 MP: 5/5
     3 | D        | Noticed a bag of meat
     4 | D        | Became a worshipper of Makhleb the Destroyer
     9 | D        | Noticed a meat berserker
    10 | D        | Noticed a meat berserker
    10 | D        | Killed a meat berserker
    10 | D        | Reached XP level 2. HP: 14/14 MP: 6/6
    10 | D        | Reached XP level 3. HP: 18/18 MP: 8/8
    10 | D        | Reached XP level 4. HP: 22/22 MP: 9/9
    10 | D        | Reached XP level 5. HP: 25/25 MP: 10/10
    10 | D        | Reached XP level 6. HP: 30/30 MP: 11/11
    10 | D        | Reached XP level 7. HP: 33/33 MP: 12/12
    10 | D        | Reached XP level 8. HP: 37/37 MP: 13/13
    10 | D        | Reached XP level 9. HP: 41/41 MP: 14/14
    10 | D        | Reached XP level 10. HP: 46/46 MP: 15/15
    10 | D        | Reached XP level 11. HP: 49/49 MP: 16/16
    10 | D        | Reached XP level 12. HP: 53/53 MP: 17/17
    10 | D        | Reached XP level 13. HP: 57/57 MP: 18/18
    11 | D        | Noticed a meat berserker
    11 | D        | Killed a meat berserker
    11 | D        | Reached * piety under Makhleb
    11 | D        | Reached skill level 27 in Axes
    11 | D        | Reached XP level 14. HP: 61/61 MP: 19/19
    12 | D        | Noticed a bag of meat
    12 | D        | Noticed a bag of meat
    13 | D        | Killed a meat berserker
    13 | D        | Reached XP level 15. HP: 65/65 MP: 20/20
    15 | D        | Noticed a meat berserker
    17 | D        | Learned a level 2 spell: Blink
    17 | D        | Reached skill level 27 in Dodging
    17 | D        | Reached skill level 27 in Stealth
    17 | D        | Reached skill level 1 in Armour
    18 | D        | Reached ** piety under Makhleb
    18 | D        | Reached skill level 5 in Fighting
    18 | D        | Reached skill level 5 in Unarmed Combat
    18 | D        | Reached skill level 10 in Translocations
    18 | D        | Reached skill level 10 in Spellcasting
    18 | D        | Reached XP level 16. HP: 80/80 MP: 20/31
    19 | D        | Noticed a large bag of meat
    19 | D        | Reached skill level 10 in Throwing
    19 | D        | Reached skill level 10 in Invocations
    20 | D        | Reached *** piety under Makhleb
    20 | D        | Reached skill level 10 in Fighting
    20 | D        | Reached skill level 10 in Unarmed Combat
    21 | D        | Killed a meat berserker
    21 | D        | Reached skill level 10 in Armour
    21 | D        | Reached XP level 17. HP: 93/93 MP: 20/38
    22 | D        | Noticed a destroyer
    24 | D        | Noticed a large bag of meat
    26 | D        | Noticed a destroyer
    26 | D        | Noticed a meat berserker
    27 | D        | Noticed a large bag of meat
    27 | D        | Noticed a meat berserker
    27 | D        | Noticed a large bag of meat
    28 | D        | Killed a destroyer
    28 | D        | Reached **** piety under Makhleb
    28 | D        | Reached XP level 18. HP: 65/102 MP: 17/42
    29 | D        | Noticed a meat berserker
    29 | D        | Noticed a meat berserker
    30 | D        | Noticed a meat berserker
    30 | D        | Noticed a destroyer
    31 | D        | Reached skill level 15 in Fighting
    31 | D        | Reached skill level 15 in Unarmed Combat
    31 | D        | Killed a meat berserker
    31 | D        | Reached skill level 15 in Armour
    32 | D        | Killed a meat berserker
    32 | D        | Reached XP level 19. HP: 112/112 MP: 18/46
    33 | D        | Noticed a meat berserker
    33 | D        | Killed a destroyer
    33 | D        | Reached skill level 27 in Translocations
    33 | D        | Reached ***** piety under Makhleb
    33 | D        | Reached XP level 20. HP: 121/121 MP: 19/50
    34 | D        | Killed a meat berserker
    34 | D        | Killed a meat berserker
    34 | D        | Reached skill level 27 in Spellcasting
    35 | D        | Killed a meat berserker
    35 | D        | Reached XP level 21. HP: 131/131 MP: 19/53
    36 | D        | Noticed a destroyer
    36 | D        | Noticed a destroyer
    36 | D        | HP: 3/133 [destroyer/+9 great sword of slicing (31)]
    36 | D        | Slain by a destroyer

Skill      XL: |  1  2  3  4  5  6  7  8  9 10 11 12 13 14 15 16 17 18 19 20 21 |
---------------+----------------------------------------------------------------+-----
Axes           | 25 27 | 27.0
Dodging        | 17 24 27 | 27.0
Stealth        | 18 25 27 | 27.0
Fighting       | 7 11 14 17 19 21 22 | 22.4
Throwing       | 8 13 16 19 21 25 | 25.6
Armour         | 6 10 13 16 17 20 | 20.8
Unarmed Combat | 7 11 14 17 19 21 22 | 22.3
Spellcasting   | 10 16 19 22 25 27 | 27.0
Translocations | 12 18 22 26 27 | 27.0
Invocations    | 8 13 16 19 22 25 | 25.6

Action                   |  1- 3 |  4- 6 |  7- 9 | 10-12 | 13-15 | 16-18 | 19-21 || total
-------------------------+-------+-------+-------+-------+-------+-------+-------++-------
Melee: Broad axe         |     1 |       |       |       |     4 |     7 |     3 ||    15
 Cast: Blink             |       |       |       |       |       |     2 |     1 ||     3
